 Dungeon Crawl Stone Soup version 0.32-a0-747-gc8563f6773 (webtiles) character file.

Game seed: 2533545697547913926

827 gimp the Magician (level 7, 0/32 HPs)
             Began as a Vine Stalker Earth Elementalist on Mar 17, 2024.
             Slain by Pikel
             ... wielding a +0 whip of freezing
              (10 damage)
             ... on level 5 of the Dungeon.
             The game lasted 00:06:26 (5297 turns).

gimp the Magician (Vine Stalker Earth Elementalist) Turns: 5297, Time: 00:06:26

Health: 0/32       AC:  4    Str: 11    XL:     7   Next: 97%
Magic:  0/17       EV: 11    Int: 17    God:
Gold:   200        SH:  0    Dex: 14    Spells: 15/19 levels left

rFire   . . .        a - +4 dagger of Inconvenience {freeze, ^Fragile rC+ Will+ rCorr}
rCold   + . .        (no shield)
rNeg    + . .        k - +0 robe
rPois   .            x - +0 helmet
rElec   .            (no cloak)
rCorr   +            (no gloves)
SInv    .            v - +0 pair of boots
Will    +....        (no amulet)
Stlth   ++           n - ring of positive energy
HPRegen 1.05/turn    (no ring)
MPRegen 0.15/turn

%: guardian spirit
@: no status effects
A: fangs 2, regeneration 1, magic shield, antimagic bite, no potion heal 2
a: no special abilities


You were on level 5 of the Dungeon.
You visited 1 branch of the dungeon, and saw 5 of its levels.

You collected 200 gold pieces.

Inventory:

Hand Weapons
 a - the +4 dagger of Inconvenience (weapon) {freeze, ^Fragile rC+ Will+ rCorr}
   (You found it on level 2 of the Dungeon)

   rC+:       It protects you from cold.
   Will+:     It increases your willpower.
   rCorr:     It protects you from acid and corrosion.
   ^Fragile:  It will be destroyed if unequipped.
Armour
 k - a +0 robe (worn)
 v - a +0 pair of boots (worn)
 x - a +0 helmet (worn)
Jewellery
 f - a ring of flight
 n - a ring of positive energy (left hand)
Wands
 o - a wand of mindburst (7)
 y - a wand of light (9)
Scrolls
 d - 5 scrolls of identify {unknown}
 e - 3 scrolls of revelation {unknown}
 h - a scroll of poison {unknown}
 i - a scroll of enchant weapon {unknown}
 q - a scroll of blinking {unknown}
 r - 6 scrolls of teleportation {unknown}
 s - 3 scrolls of vulnerability {unknown}
 t - a scroll of noise {unknown}
 u - a scroll of fear {unknown}
Potions
 b - a potion of magic
 c - a potion of heal wounds {unknown}
 g - 2 potions of invisibility {unknown}
 j - a potion of enlightenment {unknown}
 l - a potion of degeneration {unknown}
 m - 3 potions of brilliance
 p - a potion of berserk rage {unknown}
 w - a potion of curing {unknown}
 z - a potion of lignification {unknown}
 A - a potion of cancellation {unknown}


   Skills:
 - Level 1.5 Dodging
 - Level 2.4 Stealth
 * Level 6.5 Spellcasting
 - Level 4.0 Conjurations
 + Level 5.3 Earth Magic


You had 15 spell levels left.
You knew the following spells:

 Your Spells              Type           Power      Damage    Failure   Level
a - Stone Arrow           Conj/Erth      42%        3d9       5%          3
b - Sandblast             Erth           46%        2d11      1%          1

Your spell library contained the following spells:

 Spells                   Type           Power      Damage    Failure   Level
 Passwall                 Erth           23%        N/A       4%          3
 Static Discharge         Conj/Air       24%        3-4/arc   9%          2
 Brom's Barrelling Bould  Conj/Erth      21%        2d4       19%         4
 Petrify                  Alch/Erth      14%        N/A       38%         4
 Airstrike                Air            2%         2d(1-17)  77%         4
 Summon Lightning Spire   Summ/Air       5%         N/A       77%         4


Dungeon Overview and Level Annotations

Branches:
Dungeon (5/15)
 Temple: D:4-7

Altars:
Nemelex Xobeh
Sif Muna
Wu Jian

Shops:
D:4 =

Annotations:
D:2 1 runed translucent door, exclusion: door, Crazy Yiuf
D:5 Pikel


Innate Abilities, Weirdness & Mutations

You have extremely sharp teeth.
Your natural rate of healing is unusually fast.
When hurt, damage is shared between your health and your magic reserves.
Your bite disrupts and absorbs the magic of your enemies.
Potions cannot restore your health.


Message History

You hit the lemure but do no damage.
The lemure is heavily wounded.
The lemure hits you.
You take 3 damage, and have 29/32 hp.
You hit the lemure. You freeze the lemure.
You bite the lemure, but do no damage.
The lemure is severely wounded.
The lemure hits you.
You take 3 damage, and have 26/32 hp.
You now have 9/17 mp.
You closely miss the lemure.
The lemure is severely wounded.
The lemure closely misses you.
You completely miss the lemure.
The lemure is severely wounded.
Pikel waves his whip at you. The lemure hits you but does no damage.
Aiming: Sandblast (safe; 1% risk of failure)
Press: ? - help, Q - select action, (/) - cycle Shift-Dir - straight line, f/p - lemure
Aim: a lemure (severely wounded, 79% to hit)
The blast of sand hits the lemure but does no damage.
The lemure is severely wounded.
The lemure hits you. The lemure misses you.
You take 2 damage, and have 26/32 hp.
You now have 7/17 mp.
Aiming: Sandblast (safe; 1% risk of failure)
Press: ? - help, Q - select action, (/) - cycle Shift-Dir - straight line, f/p - lemure
Aim: a lemure (severely wounded, 79% to hit)
The blast of sand hits the lemure!
You kill the lemure!
That felt strangely unrewarding.
The lemure barely misses you.
You now have 6/17 mp.
Aiming: Sandblast (safe; 1% risk of failure)
Press: ? - help, Q - select action, (/) - cycle Shift-Dir - straight line, f - lemure
Aim: a lemure (79% to hit)
The blast of sand hits the lemure.
The lemure is lightly wounded.
The lemure hits you.
You take 1 damage, and have 26/32 hp.
Aiming: Sandblast (safe; 1% risk of failure)
Press: ? - help, Q - select action, (/) - cycle Shift-Dir - straight line, f/p - lemure
Aim: a lemure (lightly wounded, 79% to hit)
The blast of sand hits the lemure!
The lemure is heavily wounded.
The lemure barely misses you. The lemure closely misses you.
You now have 5/17 mp.
You closely miss the lemure. You bite the lemure. You drain its power.
You feel invigorated.
The lemure is heavily wounded.
The lemure hits you.
You hit the lemure but do no damage. Your bite misses the lemure.
The lemure is heavily wounded.
The lemure hits you but does no damage.
You regained 2 hp, and now have 29/32 hp.
You puncture the lemure! You freeze the lemure. Your bite misses the lemure.
The lemure is severely wounded.
A gnoll comes into view. It is wielding a +0 flail.
The lemure barely misses you.
The gnoll shouts!
You hit the lemure. You freeze the lemure.
You kill the lemure!
That felt strangely unrewarding.
You hear a shout!
Casting: Sandblast (safe; 1% risk of failure)
Confirm with . or Enter, or press ? or * to list all spells.
Aiming: Stone Arrow (dangerous; 5% risk of failure)
Press: ? - help, Shift-Dir - straight line, f - Pikel
Aim: Pikel, wielding a +0 whip of freezing and wearing a +2 robe of willpower (64% to hit)
The stone arrow hits Pikel!
Pikel is heavily wounded.
Pikel hits you with a +0 whip of freezing.
You take 4 damage, and have 27/32 hp.
You now have 3/17 mp.
Casting: Stone Arrow (dangerous; 5% risk of failure)
Confirm with . or Enter, or press ? or * to list all spells.
Aiming: Stone Arrow (dangerous; 5% risk of failure)
Press: ? - help, Shift-Dir - straight line, f/p - Pikel
Aim: Pikel, wielding a +0 whip of freezing and wearing a +2 robe of willpower (heavily wounded, 64% to hit)
The stone arrow hits Pikel!
Pikel is severely wounded.
Pikel closely misses you.
You now have 0/17 mp.
You hit Pikel but do no damage.
Pikel is severely wounded.
Pikel hits you with a +0 whip of freezing!
Pikel freezes you.
A gnoll comes into view. It is wielding a +0 halberd.
You take 8 damage, and have 20/32 hp.
MASSIVE DAMAGE!!
Aiming: Mindburst
Press: ? - help, Shift-Dir - straight line, f/p - Pikel
Aim: Pikel, wielding a +0 whip of freezing and wearing a +2 robe of willpower (severely wounded, chance to affect: 29%) Pikel easily resists.
Pikel hits you with a +0 whip of freezing!
* * * LOW HITPOINT WARNING * * *
You take 11 damage, and have 9/32 hp.
MASSIVE DAMAGE!!
Aiming: Mindburst
Press: ? - help, Shift-Dir - straight line, f/p - Pikel
Aim: Pikel, wielding a +0 whip of freezing and wearing a +2 robe of willpower (severely wounded, chance to affect: 29%) Pikel easily resists.
Pikel hits you with a +0 whip of freezing!
You die...
Pikel says, "Another soul for the market."

##...........###5#
.'...........'...#
#.......g...##.##
#####...##### #.
#~.~#...#~..# #.
#.~~#...#...#
#.##..P#g55#~~~###########
#.#######K#######.........
#.## ####@# #####......##.
#..###....# #............#
#...#...### #.#######..##.
#.......# #.# #.....
##..#.#..# #.# #.####
#...#.#...# #.# #.#...
#.###.###.# ##.## #.#..~
#.#.....#.###...## #.#~~~
#.#######......#.#####.#~..


You could see Pikel, 2 lemures and 2 gnolls.

Vanquished Creatures
  Sigmund (D:3)
  Edmund (D:4)
  2 lemures (D:5)
  Blork the orc (D:4)
  A scorpion (D:5)
  A jelly (D:5)
  A gnoll bouda (D:5)
  An orc priest (D:5)
  An iguana (D:5)
  Natasha (thrice) (D:2)
  Robin (D:3)
  7 gnolls
  An adder (D:2)
  2 ufetubi (D:5)
  2 ribbon worms
  3 dart slugs
  16 orcs
  6 bats
  8 endoplasms
  5 giant cockroaches
  10 hobgoblins
  4 jackals
  2 quokkas
  2 ball pythons
  3 frilled lizards
  15 goblins
  10 kobolds
  3 rats (D:3)
113 creatures vanquished.

Notes
Turn   | Place    | Note
-------+----------+-------------------------------------------
     0 | D:1      | gimp the Vine Stalker Earth Elementalist began the quest
                  | for the Orb.
     0 | D:1      | Reached XP level 1. HP: 9/9 MP: 4/4
   519 | D:1      | Reached XP level 2. HP: 13/13 MP: 3/6
  1004 | D:2      | Noticed Natasha
  1008 | D:2      | Killed Natasha
  1009 | D:2      | Reached skill level 3 in Spellcasting
  1009 | D:2      | Reached XP level 3. HP: 16/16 MP: 3/8
  1069 | D:2      | Found a sparkling altar of Nemelex Xobeh.
  1076 | D:2      | Noticed Natasha
  1097 | D:2      | Killed Natasha
  1098 | D:2      | Reached XP level 4. HP: 21/21 MP: 5/10
  1102 | D:2      | Learned a level 3 spell: Stone Arrow
  1311 | D:2      | Identified the +3 hand axe of Qufaryh {venom, rC+}
  1581 | D:2      | Noticed Natasha
  1589 | D:2      | Killed Natasha
  1712 | D:2      | Identified the +4 dagger of Inconvenience {freeze, ^Fragile
                  | rC+ Will+ rCorr}
  1742 | D:2      | Found a runed translucent door.
  1743 | D:2      | Noticed Crazy Yiuf
  1818 | D:2      | Reached XP level 5. HP: 21/24 MP: 4/11
  1983 | D:3      | Found a shimmering blue altar of Sif Muna.
  2052 | D:3      | Reached skill level 4 in Spellcasting
  2287 | D:3      | Noticed Sigmund
  2298 | D:3      | Killed Sigmund
  2299 | D:3      | Reached XP level 6. HP: 16/28 MP: 6/14
  2567 | D:3      | Reached skill level 5 in Spellcasting
  3045 | D:3      | Found Izoup's Magic Scroll Emporium.
  3264 | D:4      | Found Fikue's Jewellery Boutique.
  3362 | D:4      | Noticed Blork the orc
  3370 | D:4      | Killed Blork the orc
  3482 | D:4      | Noticed Robin
  3575 | D:3      | Killed Robin
  3576 | D:3      | Reached XP level 7. HP: 23/32 MP: 2/16
  3680 | D:4      | Noticed Edmund
  3690 | D:4      | Killed Edmund
  4552 | D:5      | Entered Level 5 of the Dungeon
  4552 | D:5      | Noticed Pikel
  4665 | D:5      | Reached skill level 6 in Spellcasting
  4773 | D:5      | Reached skill level 5 in Earth Magic
  4864 | D:5      | Found an ornate altar of the Wu Jian Council.
  5297 | D:5      | Slain by Pikel

Illustrated notes

Levels and vault maps discovered:
D:1:      eino_arrival_water_cross, layout_loops_corners
D:2:      layout_basic, basic_altar, uniq_natasha, uniq_crazy_yiuf_cottage
D:3:      layout_basic, mainiacjoe_overflow_six_doors_small, serial_shops, shop,
          corexii_hall_statues_l, minmay_joined_circles, uniq_sigmund
D:4:      layout_cave_pools, serial_shops, nicolae_shop_gaudy_bauble,
          serial_co_window_serial, co_window_paths_a, co_window_corner_a,
          co_window_corner_a, co_window_corner_a, co_window_paths_a,
          co_window_corner_b, co_window_corner_cb, co_window_2corner,
          co_window_paths_d, co_window_4corner_a, glass_columns_a, uniq_robin,
          uniq_blork_the_orc, uniq_edmund
D:5:      layout_loops_ring, nicolae_wu_jian_immortal_techniques,
          serial_aquarium, aquarium_bridge_square [aquarium_subvault_bridge,
          aquarium_subvault_bridge, aquarium_subvault_wall,
          aquarium_subvault_wall], aquarium_bridge_long_joined
          [aquarium_subvault_bridge, aquarium_subvault_window,
          aquarium_subvault_wall, aquarium_subvault_bridge,
          aquarium_subvault_wall, aquarium_subvault_wall],
          aquarium_window_corridor_3, aquarium_window_1, aquarium_view_2e,
          aquarium_balcony_3b, aquarium_pool_four, grunt_decor_cap, uniq_pikel

Skill      XL: |  1  2  3  4  5  6  7 |
---------------+----------------------+-----
Spellcasting   | 3 4 5 6 |  6.5
Conjurations   | 2 3 4 |  4.0
Earth Magic    | 4 5 |  5.3
Dodging        | |  1.5
Stealth        | |  2.4

Action                     |  1- 3 |  4- 6 |  7- 9 || total
---------------------------+-------+-------+-------++-------
  Melee: Unarmed           |     8 |     1 |       ||     9
         Bite              |     1 |       |     6 ||     7
         Dagger            |       |       |    16 ||    16
   Cast: Sandblast         |    22 |   112 |    30 ||   164
         Stone Arrow       |       |     3 |    23 ||    26
  Evoke: Wand              |       |       |     6 ||     6
    Use: Potion            |       |     2 |       ||     2
 Armour: Robe              |    21 |    44 |    34 ||    99
  Dodge: Dodged            |    17 |    36 |    28 ||    81

Table legend: (Time is in decaauts)
 A = Elapsed time spent in this place.
 B = Non-inter-level travel time spent in this place.
 C = Inter-level travel time spent in this place.
 D = Time resting spent in this place.
 E = Time spent auto-exploring this place.
 F = Levels seen in this place.
 G = Mean time per level.
                   A        B        C        D        E       F      G
               +--------+--------+--------+--------+--------+-----+--------+
         Total |   5385 |   5250 |    135 |      2 |   4527 |   5 | 1077.0 |
       Dungeon |   5385 |   5250 |    135 |      2 |   4527 |   5 | 1077.0 |
               +--------+--------+--------+--------+--------+-----+--------+

Top non-repeatable levels by time:
     D:3: 1421 daAuts
     D:4: 1399 daAuts
     D:1: 1015 daAuts
     D:2: 907 daAuts
     D:5: 641 daAuts
